 Dungeon Crawl Stone Soup version 0.30-a0-595-g91969c0fa5 (webtiles) character file.

Game seed: 7722334127146317452

44 Leeroy the Ruffian (level 3, 0/28 HPs)
             Began as a Draconian Transmuter on Jan 6, 2023.
             Killed by divine providence
             ... invoked by an orc priest
              (10 damage)
             ... on level 2 of the Dungeon.
             The game lasted 00:02:18 (903 turns).

Leeroy the Ruffian (Draconian Transmuter)            Turns: 903, Time: 00:02:18

Health: 0/28       AC:  6    Str: 12    XL:     3   Next: 41%
Magic:  6/6        EV: 12    Int: 15    God:
Gold:   25         SH:  0    Dex: 11    Spells: 2/6 levels left

rFire   . . .      SeeInvis .      - Unarmed
rCold   . . .      Faith    .    f - orb {light}
rNeg    . . .      Spirit   .    (body armour unavailable)
rPois   .          Reflect  .    (helmet restricted)
rElec   .          Harm     .    (no cloak)
rCorr   .          Rampage  .    (no gloves)
Will    .....                    g - +0 pair of boots
Stlth   +                        (no amulet)
HPRegen 0.24/turn                (no ring)
MPRegen 0.10/turn                (no ring)

@: glowing
A: AC +5, unfitting armour, cold-blooded
a: no special abilities


You were on level 2 of the Dungeon.
You visited 1 branch of the dungeon, and saw 2 of its levels.

You collected 25 gold pieces.

Inventory:

Missiles
 h - 6 poisoned darts
 j - 6 curare-tipped darts
Armour
 f - an orb of light (worn)
 g - a +0 pair of boots (worn)
Jewellery
 l - an amulet of faith
Scrolls
 b - a scroll of fog {unknown}
 c - a scroll of identify {unknown}
 d - a scroll of enchant weapon {unknown}
 e - a scroll of vulnerability {unknown}
 i - 2 scrolls of amnesia {unknown}
 k - a scroll of magic mapping {unknown}
Potions
 a - a potion of lignification


   Skills:
 - Level 1.1 Fighting
 - Level 1.7 Dodging
 + Level 4.5 Unarmed Combat
 - Level 2.0 Spellcasting
 - Level 2.0 Transmutations


You had 2 spell levels left.
You knew the following spells:

 Your Spells              Type           Power      Damage    Failure   Level
a - Beastly Appendage     Tmut           14%        N/A       10%         1
b - Spider Form           Tmut/Pois      4%         N/A       41%         3

Your spell library contained the following spells:

 Spells                   Type           Power      Damage    Failure   Level
 Wereblood                Tmut           7%         N/A       14%         2
 Apportation              Tloc           2%         N/A       22%         1
 Necrotise                Necr           4%         1d4       22%         1
 Summon Small Mammal      Summ           4%         N/A       22%         1
 Call Canine Familiar     Summ           1%         N/A       54%         3
 Summon Guardian Golem    Hex/Summ       1%         N/A       54%         3
 Ice Form                 Ice/Tmut       4%         N/A       82%         4


Dungeon Overview and Level Annotations

Branches:
Dungeon (2/15)

Altars:

Shops:
D:1 (   D:2 =


Innate Abilities, Weirdness & Mutations

Your plain brown scales are hard. (AC +5)
You cannot fit into any form of body armour.
You are cold-blooded and may be slowed by cold attacks.


Message History

You hit the frilled lizard.
You kill the frilled lizard!
You barely miss the goblin. The bat hits you but does no damage.
The goblin hits you but does no damage.
A hobgoblin comes into view.
The bat hits you but does no damage. The goblin hits you with a +0 dagger.
The bat hits you but does no damage.
You see here a frilled lizard corpse.
You hit the bat but do no damage. Your kick misses the bat.
The bat is heavily wounded.
The bat barely misses you. The bat hits you.
The goblin hits you but does no damage.
You hit the bat but do no damage.
The bat is heavily wounded.
The bat hits you but does no damage.
A goblin comes into view. It is wielding a +0 club.
The goblin hits you with a +0 dagger.
A goblin comes into view. It is wielding a +0 club.
The goblin shouts! x2
You hit the orc priest but do no damage.
You claw the orc priest, but do no damage.
The orc priest is moderately wounded.
The bat completely misses you.
A kobold comes into view. It is wielding a +0 dagger.
The orc priest hits you with a +0 short sword.
The goblin barely misses you.
The kobold shouts!
You hit the orc priest but do no damage.
You claw the orc priest, but do no damage.
The orc priest is moderately wounded.
You hear a shout!
The bat hits you but does no damage. The goblin barely misses you.
You hit the orc priest but do no damage.
The orc priest is moderately wounded.
Your horns disappear.
Your talons disappear.
Your +0 pair of boots unmelds from your body.
The bat closely misses you.
The orc priest calls down the wrath of Beogh upon you.
Beogh smites you!
You die...

#.............
#.............
#.....).......
#............. #.
#............? ##.
#............. ...##
#####............. ....##
#.........b....... .....#
#....####@o#####..
.....###........go#
.......#....#.###.#
............#.###g####
.....##.....#..$.gK..#
.....###....#.....g..#
....####.........g.......
...#.........#.........##
.###....####.........#.#


You could see an orc priest, an orc, 2 hobgoblins, 3 goblins, a bat and a
kobold.

Vanquished Creatures
  3 dart slugs (D:1)
  An orc (D:2)
  2 endoplasms (D:1)
  A giant cockroach (D:1)
  3 goblins (D:1)
  4 hobgoblins
  3 jackals (D:2)
  A quokka (D:2)
  4 ball pythons
  3 bats
  3 frilled lizards
  4 kobolds (D:1)
  4 rats
36 creatures vanquished.

Notes
Turn   | Place    | Note
-------+----------+-------------------------------------------
     0 | D:1      | Leeroy the Draconian Transmuter began the quest for the
                  | Orb.
     0 | D:1      | Reached XP level 1. HP: 16/16 MP: 3/3
   262 | D:1      | Reached XP level 2. HP: 23/23 MP: 5/5
   293 | D:1      | Found Fueqikhi's Weapon Shoppe.
   385 | D:1      | Reached skill level 4 in Unarmed Combat
   610 | D:1      | Reached XP level 3. HP: 28/28 MP: 6/6
   774 | D:1      | You fall into a shaft and drop 1 floor!
   815 | D:2      | Found Keutuhac's Jewellery Emporium.
   867 | D:2      | Learned a level 3 spell: Spider Form
   903 | D:2      | Killed from afar by an orc priest

Illustrated notes

Levels and vault maps discovered:
D:1:      roderic_lyre, layout_loops_ring, serial_shops, nicolae_diamond_shop,
          minmay_misc_feat_more_columns
D:2:      layout_rooms, serial_shops, shop, uniq_robin

Skill      XL: |  1  2 |
---------------+-------+-----
Unarmed Combat | 4 |  4.5
Fighting       | |  1.1
Dodging        | |  1.7
Spellcasting   | |  2.0
Transmutations | |  2.0

Action                   || total
-------------------------++-------
Melee: Unarmed           ||    81
       Punch             ||     1
       Tailslap          ||     6
       Kick              ||    10
       Headbutt          ||     8
 Cast: Beastly Appendage ||     5
Armor: Skin              ||    47
Dodge: Dodged            ||    73

Table legend: (Time is in decaauts)
 A = Elapsed time spent in this place.
 B = Non-inter-level travel time spent in this place.
 C = Inter-level travel time spent in this place.
 D = Time resting spent in this place.
 E = Time spent auto-exploring this place.
 F = Levels seen in this place.
 G = Mean time per level.
                   A        B        C        D        E       F      G
               +--------+--------+--------+--------+--------+-----+--------+
         Total |    898 |    891 |      7 |      0 |    679 |   2 |  449.0 |
       Dungeon |    898 |    891 |      7 |      0 |    679 |   2 |  449.0 |
               +--------+--------+--------+--------+--------+-----+--------+

Top non-repeatable levels by time:
     D:1: 772 daAuts
     D:2: 126 daAuts
